 Dungeon Crawl Stone Soup version 0.20-a0-432-g25cc1b4 (webtiles) character file.

56 Kidiri the Magician (level 3, 0/19 HPs)
             Began as a Deep Elf Fire Elementalist on Jan 2, 2017.
             Slain by Natasha (8 damage)
             ... on level 2 of the Dungeon.
             The game lasted 00:04:02 (1324 turns).

Kidiri the Magician (Deep Elf Fire Elementalist)    Turns: 1324, Time: 00:04:03

Health: 0/19       AC:  2    Str:  5    XL:     3   Next: 71%
Magic:  6/11       EV: 13    Int: 20    God:
Gold:   28         SH:  0    Dex: 15    Spells: 2/11 levels left

rFire  + . .     SeeInvis .     g - +0 dagger
rCold  . . .     Gourm    .     a - +0 robe
rNeg   . . .     Faith    .     (no shield)
rPois  .         Spirit   .     (no helmet)
rElec  .         Reflect  .     (no cloak)
rCorr  .         Harm     .     (no gloves)
MR     .....                    (no boots)
Stlth  ++........               (no amulet)
                                (no ring)
                                i - ring of protection from fire

@: no status effects
A: no striking features
a: no special abilities


You were on level 2 of the Dungeon.
You were not hungry.

You visited 1 branch of the dungeon, and saw 2 of its levels.

You collected 28 gold pieces.

Inventory:

Hand Weapons
 g - a +0 dagger (weapon)
Armour
 a - a +0 robe (worn)
Jewellery
 i - a ring of protection from fire (left hand)
Scrolls
 d - a scroll of identify
Potions
 f - a potion of lignification
Books
 b - a book of Flames

   Spells                             Type                      Level
   a - Flame Tongue                   Conjuration/Fire             1
   b - Throw Flame                    Conjuration/Fire             2
   c - Conjure Flame                  Conjuration/Fire             3
   d - Inner Flame                    Hexes/Fire                   3
   e - Sticky Flame                   Conjuration/Fire             4
   f - Fireball                       Conjuration/Fire             5
Comestibles
 c - a bread ration
 h - a beef jerky
 j - a chunk of flesh


   Skills:
 - Level 2.4 Dodging
 - Level 2.4 Stealth
 * Level 4.5 Spellcasting
 + Level 2.1 Conjurations
 + Level 3.7 Fire Magic


You had 2 spell levels left.
You knew the following spells:

 Your Spells              Type           Power        Failure   Level  Hunger
a - Flame Tongue          Conj/Fire      ###..        3%          1    None
b - Throw Flame           Conj/Fire      ###...       6%          2    #......
c - Conjure Flame         Conj/Fire      ###.....     12%         3    ##.....
d - Inner Flame           Hex/Fire       ##......     17%         3    ##.....


Dungeon Overview and Level Annotations

Branches:
Dungeon (1/15)

Altars:

Annotations:
D:2 Natasha


Message History

Natasha claws you.
Casting: Throw Flame
Confirm with . or Enter, or press ? or * to list all spells.
Aiming: Flame Tongue
Press: ? - help, Shift-Dir - straight line, f/p - Natasha
Aim: Natasha (lightly wounded)
The flame tongue hits Natasha.
Natasha is severely wounded.
Natasha claws you!
Casting: Flame Tongue
Confirm with . or Enter, or press ? or * to list all spells.
You don't know that spell.
Unknown command.
Casting: Flame Tongue
Confirm with . or Enter, or press ? or * to list all spells.
Aiming: Flame Tongue
Press: ? - help, Shift-Dir - straight line, f/p - Natasha
Aim: Natasha (severely wounded)
The flame tongue misses Natasha.
Natasha claws you!
You die...

...# ...## #.#.##
.###.####### ### ##
##......# #..
.###.#####.# #.#
#.#.######.###.#
##.............####.####
#######.##.###..@h.)....
# #.##......##...### #
#...%........#...# #
#..#####..##...#.# #..#
#..# ..... #..# ...# .#.
#..# #...# .. #..# .....
. #..# .......


You could see Natasha.

Vanquished Creatures
  Natasha (D:2)
  An ooze (D:1)
  An adder skeleton (D:2)
  A dart slug (D:1)
  2 giant cockroaches (D:2)
  2 goblins (D:1)
  2 hobgoblins (D:1)
  3 kobolds
  5 bats
  4 frilled lizards
  A leopard gecko skeleton (D:2)
  2 rats (D:1)
25 creatures vanquished.

Notes
Turn   | Place    | Note
-------+----------+-------------------------------------------
     0 | D:1      | Kidiri the Deep Elf Fire Elementalist began the quest for the Orb.
     0 | D:1      | Reached XP level 1. HP: 10/10 MP: 6/6
   192 | D:1      | Reached XP level 2. HP: 15/15 MP: 5/8
   196 | D:1      | Learned a level 2 spell: Throw Flame
   762 | D:1      | Reached skill level 4 in Spellcasting
   775 | D:1      | You fall through a shaft!
   899 | D:2      | Noticed Natasha
   935 | D:2      | Killed Natasha
   935 | D:2      | Reached XP level 3. HP: 10/19 MP: 4/10
   940 | D:2      | Learned a level 3 spell: Conjure Flame
   944 | D:2      | Learned a level 3 spell: Inner Flame
  1317 | D:2      | Noticed Natasha
  1324 | D:2      | Slain by Natasha

Vault maps used:
D:1:      scummos_arrival_forest, st_stairs_12
D:2:      lightli_temple_of_fire, serial_undead, serial_undead_f,
          serial_undead_a, serial_undead_c, serial_undead_f, serial_undead_e,
          serial_undead_a, uniq_natasha

Skill      XL: |  1  2 |
---------------+-------+-----
Spellcasting   | 4 |  4.5
Conjurations   | 2 |  2.1
Dodging        | |  2.4
Stealth        | |  2.4
Fire Magic     | |  3.7

Action                   || total
-------------------------++-------
Melee: Unarmed           ||     3
       Dagger            ||     6
 Cast: Flame Tongue      ||    51
       Throw Flame       ||     1
  Use: Scroll            ||     4
 Stab: Sleeping          ||     4
  Eat: Chunk             ||     1
Armor: Robe              ||     8
Dodge: Dodged            ||    21
